 Dungeon Crawl Stone Soup version 0.27.0-1-g7a089689b8 (webtiles) character file.

Game seed: 617520634173725925

429 SnakkuSnakku7 the Cudgeller (level 6, -2/40 HPs)
             Began as a Tengu Warper on Aug 8, 2021.
             Slain by a gnoll (7 damage)
             ... on level 4 of the Dungeon.
             The game lasted 00:05:22 (4078 turns).

SnakkuSnakku7 the Cudgeller (Tengu Warper)          Turns: 4078, Time: 00:05:22

Health: -2/40      AC: 10    Str: 13    XL:     6   Next: 98%
Magic:  10/10      EV:  4    Int: 13    God:
Gold:   164        SH:  0    Dex: 14    Spells: 7/9 levels left

rFire    + . .     SeeInvis .   b - +1 trident (venom)
rCold    . . .     Faith    .   (no shield)
rNeg     . . .     Spirit   .   s - +0 plate armour
rPois    .         Reflect  .   (helmet restricted)
rElec    .         Harm     .   (no cloak)
rCorr    .         Rampage  .   (no gloves)
Will     .....                  (boots unavailable)
Stlth    ..........             (no amulet)
HPRegen  0.13/turn              i - ring of protection from fire
MPRegen  0.12/turn              (no ring)

@: flying quickly and evasively, slowed, very slow
A: beak, talons 3, nimble flight
a: no special abilities


You were on level 4 of the Dungeon.
You visited 1 branch of the dungeon, and saw 4 of its levels.

You collected 164 gold pieces.

Inventory:

Hand Weapons
 a - a +1 flail
 b - a +1 trident of venom (weapon)
 m - a +0 mace
Missiles
 d - 3 boomerangs of dispersal
 h - 8 boomerangs
 n - 15 poisoned darts (quivered)
 x - 6 curare-tipped darts
Armour
 g - a +0 ring mail
 r - a +0 leather armour
 s - a +0 plate armour (worn)
Jewellery
 i - a ring of protection from fire (left hand)
Scrolls
 e - a scroll of torment
 k - a scroll of acquirement {unknown}
 l - 3 scrolls of identify
 o - a scroll of immolation {unknown}
 p - a scroll of vulnerability {unknown}
 v - a scroll of teleportation {unknown}
Potions
 j - a potion of resistance {unknown}
 q - a potion of curing {unknown}
 u - a potion of invisibility {unknown}
 w - a potion of brilliance


   Skills:
 - Level 5.0 Fighting
 + Level 6.1 Maces & Flails
 + Level 1.0 Throwing
 - Level 1.1 Armour
 - Level 2.1 Dodging
 - Level 2.0 Spellcasting
 - Level 2.4 Translocations


You had 7 spell levels left.
You knew the following spells:

 Your Spells              Type           Power      Damage    Failure   Level
a - Blink                 Tloc           N/A        N/A       100%        2

Your spell library contained the following spells:

 Spells                   Type           Power      Damage    Failure   Level
 Foxfire                  Conj/Fire      4%         2x1d4     100%        1
 Ensorcelled Hibernation  Hex/Ice        2%         N/A       100%        2
 Conjure Flame            Conj/Fire      1%         6-21      100%        3
 Gell's Gravitas          Tloc           3%         N/A       100%        3
 Inner Flame              Hex/Fire       1%         N/A       100%        3
 Lesser Beckoning         Tloc           3%         N/A       100%        3
 Ozocubu's Armour         Ice            1%         N/A       100%        3
 Spider Form              Tmut/Pois      0%         N/A       100%        3
 Teleport Other           Tloc           7%         N/A       100%        3
 Manifold Assault         Tloc           7%         N/A       100%        5
 Metabolic Englaciation   Hex/Ice        0%         N/A       100%        5
 Shadow Creatures         Summ           N/A        N/A       100%        6
 Simulacrum               Ice/Necr       0%         N/A       100%        6


Dungeon Overview and Level Annotations

Branches:
Dungeon (4/15)
 Temple: D:4-7

Altars:

Annotations:
D:4 Natasha


Innate Abilities, Weirdness & Mutations

You have a beak for a mouth.
You have claws for feet.
Your magical nature lets you fly swiftly and evasively.


Message History

Natasha mumbles some strange words.
The gnoll hits you but does no damage.
The gnoll hits you from afar with a +0 halberd.
Blink to where?
Press: ? - help, Dir - move target
As you read the scroll of blinking, it crumbles to dust.
A hound comes into view.
The hound moves out of view.
Found a helmet.
The hound barks!
The hound bites you but does no damage. x2
Natasha howls an incantation.
Natasha glows brightly for a moment.
Natasha mumbles some strange words.
The hound barely misses you. The hound bites you.
The hound bites you but does no damage. x2
The hound bites you but does no damage.
Okay, then.
As you read the scroll labelled JAXEC SARUIC, it crumbles to dust.
Your body is wracked with pain!
The hound convulses!
The gnoll convulses!
The quokka convulses!
The gnoll sergeant convulses!
Natasha convulses!
It was a scroll of torment.
The hound bites you.
* * * LOW HITPOINT WARNING * * *
The hound bites you but does no damage.
The gnoll hits you from afar with a +0 halberd.
* * * LOW HITPOINT WARNING * * *
The hound barely misses you.
As you read the scroll labelled ZYMAIM LEIBUS, it crumbles to dust.
It is a scroll of identify.
w - a potion of brilliance The hound bites you.
* * * LOW HITPOINT WARNING * * *
The hound bites you.
* * * LOW HITPOINT WARNING * * *
As you read the scroll labelled ALIF FOCWYUDAX, it crumbles to dust.
It is a scroll of enchant weapon.
Your +0 flail glows red for a moment.
The hound bites you.
* * * LOW HITPOINT WARNING * * *
The gnoll hits you from afar with a +0 halberd!
You die...

........# #.....#.......##
#'##+##.# #.#.#####.......#
........# #.#.............#
........# #.#.............#
........# #.#...h.g.......#
........# #.#..W..........#
........# #.#..r..........#
######..# #.#.g...........#
#
#..########@#......[......#
#
#...........hg#############
#.............#...#
#####'#.......#...# ##
#....#.......#...# #.
#....#.......#...#########.
#....#.......##'###.....##.
#....#......##...##.....'..
#....#......')..........###


You could see a hound and a gnoll.

Vanquished Creatures
  An ogre (D:4)
  A jelly (D:4)
  3 orc priests
  A bullfrog skeleton (D:4)
  An iguana (D:4)
  An orc wizard (D:2)
  2 adders
  3 gnolls (D:3)
  A worm (D:3)
  4 dart slugs
  7 orcs
  7 ball pythons
  7 bats
  7 endoplasms
  2 giant cockroaches
  5 goblins
  5 hobgoblins
  8 jackals (D:1)
  5 quokkas
  5 frilled lizards
  5 kobolds
  6 rats
87 creatures vanquished.

Notes
Turn   | Place    | Note
-------+----------+-------------------------------------------
     0 | D:1      | SnakkuSnakku7 the Tengu Warper began the quest for the Orb.
     0 | D:1      | Reached XP level 1. HP: 12/12 MP: 4/4
   101 | D:1      | Reached XP level 2. HP: 6/18 MP: 6/6
   499 | D:1      | Reached skill level 3 in Maces & Flails
   624 | D:1      | Reached XP level 3. HP: 19/22 MP: 7/7
   635 | D:1      | Learned a level 2 spell: Blink
   885 | D:1      | Found a faded altar of an unknown god.
  1479 | D:2      | Reached XP level 4. HP: 25/28 MP: 8/8
  2309 | D:3      | Reached skill level 4 in Maces & Flails
  2503 | D:3      | Gained mutation: Your magical nature lets you fly swiftly
                  | and evasively. [Tengu growth]
  2503 | D:3      | Reached XP level 5. HP: 20/33 MP: 9/9
  3307 | D:2      | Reached skill level 5 in Maces & Flails
  3307 | D:2      | Reached XP level 6. HP: 14/39 MP: 10/10
  3846 | D:4      | Reached skill level 5 in Fighting
  3846 | D:4      | Reached skill level 6 in Maces & Flails
  4058 | D:4      | Noticed Natasha
  4078 | D:4      | Slain by a gnoll

Illustrated notes

Levels and vault maps discovered:
D:1:      minmay_arrival_three_doors, layout_loops_corners,
          ebering_ecumenical_altar_abandoned, minmay_splitting_lines
D:2:      layout_basic
D:3:      layout_loops_cross
D:4:      layout_gridville, minivault_5, uniq_natasha

Skill      XL: |  1  2  3  4  5  6 |
---------------+-------------------+-----
Maces & Flails | 3 4 5 6 |  6.1
Fighting       | 3 4 5 |  5.0
Throwing       | |  1.0
Armour         | |  1.1
Dodging        | |  2.1
Spellcasting   | |  2.0
Translocations | |  2.4

Action                   |  1- 3 |  4- 6 || total
-------------------------+-------+-------++-------
Melee: Mace              |    86 |    23 ||   109
       Kick              |    21 |    27 ||    48
       Peck              |    14 |    20 ||    34
       Flail             |       |    56 ||    56
       Trident           |       |    62 ||    62
Throw: Boomerang         |     2 |       ||     2
       Dart              |       |    18 ||    18
  Use: Scroll            |       |     4 ||     4
       Potion            |       |     1 ||     1
Armor: Leather armour    |    18 |       ||    18
       Ring mail         |    12 |    22 ||    34
       Plate armour      |       |    40 ||    40
Dodge: Dodged            |    56 |    62 ||   118
